 Dungeon Crawl Stone Soup version 0.21.1-1-g345015f (webtiles) character file.

404 Iko the Shield-Bearer (level 6, -1/38 HPs)
             Began as a Gargoyle Fighter on May 5, 2018.
             Was a Follower of Okawaru.
             Slain by a killer bee (4 damage)
             ... on level 8 of the Dungeon.
             The game lasted 00:14:36 (1164 turns).

Iko the Shield-Bearer (Gargoyle Fighter)            Turns: 1164, Time: 00:14:36

Health: -1/38      AC: 21    Str: 25    XL:     6   Next: 86%
Magic:  3/6        EV:  8    Int: 10    God:    Okawaru [*.....]
Gold:   121        SH: 13    Dex:  9    Spells: 0/5 levels left

rFire    . . .     SeeInvis .   j - +0 flail (protect)
rCold    . . .     Gourm    .   c - +0 shield
rNeg     + . .     Faith    .   b - +1 scale mail
rPois    ∞         Spirit   .   e - +1 helmet
rElec    +         Reflect  +   (no cloak)
rCorr    .         Harm     .   (no gloves)
MR       .....                  (no boots)
Stlth    ..........             i - +3 amulet of reflection
HPRegen  0.12/turn              (no ring)
MPRegen  0.10/turn              (no ring)

@: mighty, protection aura, very slightly contaminated
A: negative energy resistance 1, electricity resistance, unbreathing,
petrification resistance, rot immunity, AC +4
a: Heroism, Renounce Religion


You were on level 8 of the Dungeon.
You worshipped Okawaru.
Okawaru was aware of your devotion.
You were not hungry.

You visited 1 branch of the dungeon, and saw 8 of its levels.

You collected 121 gold pieces.

Inventory:

Hand Weapons
 g - a +1 longbow of velocity
 j - a +0 flail of protection (weapon)
Missiles
 a - 4 arrows (quivered)
Armour
 b - a +1 scale mail (worn)
 c - a +0 shield (worn)
 e - a +1 helmet (worn)
Jewellery
 i - a +3 amulet of reflection (around neck)
Wands
 k - a wand of disintegration (15)
Potions
 d - a potion of might
Books
 l - a book of Minor Magic

   Spells                             Type                      Level
   a - Magic Dart                     Conjuration                  1
   b - Blink                          Translocation                2
   c - Call Imp                       Summoning                    2
   d - Slow                           Hexes                        2
   e - Conjure Flame                  Conjuration/Fire             3
   f - Mephitic Cloud                 Conjuration/Poison/Air       3
Comestibles
 f - 2 rations


   Skills:
 + Level 4.2 Fighting
 + Level 2.4 Maces & Flails
   Level 2.1 Polearms
 + Level 4.7 Armour
 + Level 1.1 Dodging
 + Level 0.4 Stealth
 + Level 5.6 Shields


You couldn't memorise any spells.
You knew the following spells:

 Your Spells              Type           Power        Failure   Level  Hunger
a - Mephitic Cloud        Conj/Pois/Air  #.......     100%        3    ####...
b - Call Imp              Summ           #.......     99%         2    ###....


Dungeon Overview and Level Annotations

Branches:
Dungeon (8/15)
 Temple: D:4-7         Lair: D:8-11

Altars:
Okawaru


Innate Abilities, Weirdness & Mutations

You are resistant to torment.
Your stone body is resilient. (AC +4)
You are immune to poison.
You resist negative energy. (rN+)
You are resistant to electric shocks. (rElec)
You can survive without breathing.
You are immune to petrification.
You are immune to rotting.


Message History

You block the bullfrog's attack.
The killer bee stings you but does no damage.
The bullfrog barely misses you. You block the killer bee's attack.
A kobold comes into view. It is wielding a whip.
You closely miss the killer bee.
The killer bee is severely wounded.
You block the killer bee's attack.
The bullfrog hits you but does no damage.
The killer bee stings you but does no damage.
The bullfrog closely misses you.
You hit the killer bee.
The killer bee is almost dead.
You block the killer bee's attack.
The bullfrog hits you but does no damage.
The killer bee stings you but does no damage.
You block the bullfrog's attack. The killer bee closely misses you.
You miss the killer bee.
The killer bee is almost dead.
The killer bee stings you.
You die... ..# ..# ..# ########z. g...g..zy .ggg..gg#

#y# ## #y# .
#@# #.#F#
#.#H### # #
#..KK.#.#.#
####.#K#!#..#
#..........#
#.##.#(#.#..#
..
#.....###.# #
###.### #


You could see a hippogriff, a big kobold, a bullfrog, 3 killer bees, 2 wights, 2
gnolls and 2 kobolds.

Vanquished Creatures
  A centaur (D:6)
  A bullfrog (D:6)
  A gnoll sergeant (D:8)
  A wight (D:8)
  2 crimson imps (D:6)
  A worker ant (D:6)
  3 adders
  2 gnolls (D:8)
  A leopard gecko (D:4)
  An orc (D:4)
  2 bats
  A giant cockroach (D:3)
  4 hobgoblins
  3 kobolds
  2 frilled lizards (D:2)
  3 rats (D:1)
29 creatures vanquished.

Vanquished Creatures (others)
  A gnoll (D:8)
1 creature vanquished.

Grand Total: 30 creatures vanquished

Notes
Turn   | Place    | Note
-------+----------+-------------------------------------------
     0 | D:1      | Iko the Gargoyle Fighter began the quest for the Orb.
     0 | D:1      | Reached XP level 1. HP: 14/14 MP: 1/1
    71 | D:1      | Reached XP level 2. HP: 19/19 MP: 2/2
   274 | D:3      | Reached XP level 3. HP: 22/23 MP: 3/3
   436 | D:3      | Reached skill level 4 in Shields
   583 | D:4      | Found an iron altar of Okawaru.
   596 | D:4      | Became a worshipper of Warmaster Okawaru
   648 | D:5      | Entered Level 5 of the Dungeon
   713 | D:6      | Noticed a centaur
   735 | D:6      | Killed a centaur
   735 | D:6      | Reached XP level 4. HP: 8/29 MP: 4/4
   735 | D:6      | Reached XP level 5. HP: 9/33 MP: 5/5
   832 | D:6      | Reached skill level 1 in Maces & Flails
   909 | D:6      | Reached skill level 1 in Dodging
   909 | D:6      | Reached skill level 5 in Shields
   909 | D:6      | Reached XP level 6. HP: 20/38 MP: 6/6
   950 | D:6      | Reached * piety under Okawaru
  1084 | D:7      | Learned a level 3 spell: Mephitic Cloud
  1087 | D:7      | Learned a level 2 spell: Call Imp
  1142 | D:8      | Noticed a hippogriff
  1164 | D:8      | Slain by a killer bee

Skill      XL: |  1  2  3  4  5  6 |
---------------+-------------------+-----
Polearms       | 2 |  2.1
Shields        | 4 5 |  5.6
Armour         | 4 |  4.7
Fighting       | 4 |  4.2
Maces & Flails | 1 2 |  2.4
Dodging        | 1 |  1.1
Stealth        | |  0.4

Action                   |  1- 3 |  4- 6 || total
-------------------------+-------+-------++-------
Melee: Trident           |    71 |       ||    71
       Flail             |    12 |   164 ||   176
  Use: Scroll            |     5 |     2 ||     7
       Potion            |     2 |     2 ||     4
  Eat: Ration            |       |     1 ||     1
       Chunk             |       |     1 ||     1
Armor: Scale mail        |    72 |   104 ||   176
Dodge: Dodged            |    36 |    57 ||    93
Block: Shield            |    54 |   149 ||   203
